 Dungeon Crawl Stone Soup version 0.31-a0-506-g3d79149578 (webtiles) character file.

Game seed: 16377889619239070333

1 GordonOverkill the Sneak (level 1, -7/16 HPs)
             Began as an Octopode Delver on Aug 9, 2023.
             Mangled by Duvessa
             ... wielding a +4 rapier
              (13 damage)
             ... on level 4 of the Dungeon.
             The game lasted 00:00:12 (14 turns).

GordonOverkill the Sneak (Octopode Delver)            Turns: 14, Time: 00:00:13

Health: -7/16      AC:  1    Str: 11    XL:     1   Next: 20%
Magic:  1/1        EV: 13    Int: 12    God:
Gold:   0          SH:  0    Dex: 13    Spells: 0/0 levels left

rFire   . . .        a - +0 short sword
rCold   . . .        (no shield)
rNeg    . . .        (helmet restricted)
rPois   .            (no amulet)
rElec   .            (no ring)
rCorr   .            (no ring)
SInv    .            (no ring)
Will    .....        (no ring)
Stlth   ++++         (no ring)
HPRegen 0.22/turn    (no ring)
MPRegen 0.07/turn    (no ring)
                     (no ring)

%: no passive effects
@: no status effects
A: almost no armour, amphibious, 8 rings, camouflage 1, gelatinous body 1,
(nimble swimmer 1), tentacles
a: no special abilities


You were on level 4 of the Dungeon.
You visited 1 branch of the dungeon, and saw 2 of its levels.

Inventory:

Hand Weapons
 a - a +0 short sword (weapon)
Wands
 f - a wand of digging (3)
Scrolls
 b - a scroll of fog
 c - a scroll of revelation
 d - a scroll of fear
Potions
 e - a potion of haste


   Skills:
 - Level 3.0 Fighting
 - Level 2.0 Short Blades
 - Level 2.0 Dodging
 - Level 6.6 Stealth
 + Level 0.3 Spellcasting


You couldn't memorise any spells.
You didn't know any spells.
Your spell library was empty.

Dungeon Overview and Level Annotations

Branches:
Dungeon (5/15)
 Temple: D:4-7

Altars:

Annotations:
D:4 Dowan, Duvessa


Innate Abilities, Weirdness & Mutations

You cannot wear most types of armour.
You are amphibious.
You can wear up to eight rings at the same time.
Your skin changes colour to match your surroundings (Stealth+).
Your rubbery body absorbs attacks. (AC +1, EV +1)
((You are camouflaged when in or above water. (Stealth+)))
You have tentacles for arms and can constrict up to eight enemies at once.


Message History

Welcome, GordonOverkill the Octopode Delver.
They say the Orb of Zot lies within this dungeon, but they say a lot of things.
Press ? for a list of commands and other information.
Found a stone staircase leading down and a stone staircase leading up.
There is a stone staircase leading up here.
You climb upwards.
There is a stone staircase leading down here.
The helpless goblin fails to defend itself.
You puncture the goblin!
You kill the goblin!
Found a stone staircase leading down.
Dowan, Brother of Duvessa comes into view.
He is wielding a +0 dagger.
The hobgoblin shouts!
You hear a shout!
Dowan shouts!
Duvessa, Sister of Dowan comes into view.
She is wielding a +4 rapier.
The hobgoblin closely misses you.
You hit the hobgoblin. Your grab misses the hobgoblin.
The hobgoblin is severely wounded.
The hobgoblin hits you.
You barely miss the hobgoblin. Your grab misses the hobgoblin.
The hobgoblin is severely wounded.
The hobgoblin closely misses you.
Dowan gestures at Duvessa while chanting.
Duvessa seems to speed up.
Duvessa hits you with a +4 rapier!
Ouch! That really hurt!
* * * LOW HITPOINT WARNING * * *
Duvessa hits you with a +4 rapier!
Ouch! That really hurt!
You die...

...........
.......>..
........#
#..#....#
#..#...#
#..#.e###
#.)#g...#
##....#.#
#@e.###..#
#...# .#
#...# .#
#..## #
.... ......
.......
.#.....#


You could see Duvessa (fast), Dowan and a hobgoblin.

Vanquished Creatures
  A goblin (D:4)
1 creature vanquished.

Notes
Turn   | Place    | Note
-------+----------+-------------------------------------------
     0 | D:5      | GordonOverkill the Octopode Delver began the quest for the
                  | Orb.
     0 | D:5      | Reached XP level 1. HP: 16/16 MP: 1/1
     7 | D:4      | Noticed Dowan
     7 | D:4      | Noticed Duvessa
    14 | D:4      | Mangled by Duvessa

Illustrated notes

Levels and vault maps discovered:
D:4:      layout_rooms, general_overflow_altar, serial_corexii_hall,
          corexii_hall_statues_u, corexii_hall_statues_u,
          chequers_hall_statues_y, minmay_lizard_king, uniq_grinder,
          uniq_duvessa
D:5:      minmay_recursive_quarters, layout_loops_corners, marbit_many_paths,
          mainiacjoe_overflow_small_starburst, minmay_temple_entry_hall

Action                     || total
---------------------------++-------
  Melee: Short sword       ||     3
   Stab: Sleeping          ||     1
  Dodge: Dodged            ||     2

Table legend: (Time is in decaauts)
 A = Elapsed time spent in this place.
 B = Non-inter-level travel time spent in this place.
 C = Inter-level travel time spent in this place.
 D = Time resting spent in this place.
 E = Time spent auto-exploring this place.
 F = Levels seen in this place.
 G = Mean time per level.
                   A        B        C        D        E       F      G
               +--------+--------+--------+--------+--------+-----+--------+
         Total |     13 |     13 |      0 |      0 |      0 |   2 |    6.5 |
       Dungeon |     13 |     13 |      0 |      0 |      0 |   2 |    6.5 |
               +--------+--------+--------+--------+--------+-----+--------+

Top non-repeatable levels by time:
     D:4: 10 daAuts
     D:5: 3 daAuts
